 Dungeon Crawl Stone Soup version 0.22-a0-469-gf26638a71f (webtiles) character file.

305 Kaname the Conjurer (level 6, -1/41 HPs)
             Began as a Demonspawn Wizard on June 12, 2018.
             Slain by a killer bee (6 damage)
             ... on level 4 of the Dungeon.
             The game lasted 00:09:37 (3794 turns).

Kaname the Conjurer (Demonspawn Wizard)             Turns: 3794, Time: 00:09:37

Health: -1/41      AC:  8    Str:  8    XL:     6   Next: 16%
Magic:  2/10       EV: 12    Int: 26    God:
Gold:   180        SH:  0    Dex: 11    Spells: 2/11 levels left

rFire    + . .     SeeInvis .   v - +2 dagger (drain)
rCold    . . .     Gourm    .   (no shield)
rNeg     . . .     Faith    .   a - +0 robe
rPois    .         Spirit   .   s - +0 helmet
rElec    .         Reflect  .   w - scarf {repulsion}
rCorr    .         Harm     .   (no gloves)
MR       .....                  u - +0 pair of boots
Stlth    ++........             (no amulet)
HPRegen  0.13/turn              t - ring of protection from fire
MPRegen  0.12/turn              A - +4 ring of protection

@: brilliant, lethally poisoned (-1 -> -3), flying, repel missiles
A: hooves 2, powered by death 1
a: no special abilities


You were on level 4 of the Dungeon.
You were hungry.

You visited 1 branch of the dungeon, and saw 4 of its levels.

You collected 180 gold pieces.

Inventory:

Hand Weapons
 v - a +2 dagger of draining (weapon)
Missiles
 g - 28 arrows
 y - a throwing net (quivered)
Armour
 a - a +0 robe (worn)
 s - a +0 helmet (worn)
 u - a +0 pair of boots (worn)
 w - a scarf of repulsion (worn)
Jewellery
 t - a ring of protection from fire (left hand)
 A - a +4 ring of protection (right hand)
Wands
 c - a wand of acid (8)
 n - a wand of digging (8)
 p - a wand of scattershot (5)
 C - a wand of enslavement (10)
Scrolls
 b - a scroll of fear {unknown}
 e - a scroll of teleportation {unknown}
 i - 3 scrolls of amnesia {unknown}
 k - a scroll of identify {unknown}
 m - 2 scrolls of remove curse {unknown}
 r - a scroll of fog {unknown}
 x - a scroll of blinking {unknown}
Potions
 f - a potion of heal wounds {unknown}
 h - a potion of flight
 j - a potion of brilliance
 l - a potion of lignification {unknown}
 o - a potion of curing {unknown}
 q - a potion of cancellation {unknown}
 z - 3 potions of haste {unknown}
Comestibles
 d - 6 rations


   Skills:
 + Level 3.1 Short Blades
 - Level 1.7 Dodging
 - Level 1.7 Stealth
 - Level 3.0 Spellcasting
 - Level 5.0 Conjurations
   Level 1.0 Summonings
 - Level 0.8 Translocations


You had 2 spell levels left.
You knew the following spells:

 Your Spells              Type           Power        Failure   Level  Hunger
a - Magic Dart            Conj           ####         1%          1    None
b - Blink                 Tloc           N/A          1%          2    ##.....
c - Mephitic Cloud        Conj/Pois/Air  ####....     1%          3    ###....
d - Conjure Flame         Conj/Fire      ####....     1%          3    ###....

Your spell library contained the following spells:

 Spells                   Type           Power        Failure   Level  Hunger
 Slow                     Hex            ###.....     1%          2    ##.....
 Confuse                  Hex            ###.....     3%          3    ###....
 Call Imp                 Summ           ###.....     1%          2    ##.....
 Confusing Touch          Hex            ###...       1%          1    None
 Metabolic Englaciation   Hex/Ice        ###.......   26%         5    ######.
 Petrify                  Tmut/Erth      ###.....     11%         4    ####...
 Gell's Gravitas          Tloc           ###.......   2%          3    ###....
 Yara's Violent Unravell  Hex/Tmut       ###.......   26%         5    ######.


Dungeon Overview and Level Annotations

Branches:
Dungeon (4/15)
 Temple: D:4-7

Altars:

Annotations:
D:4 1 exclusion


Innate Abilities, Weirdness & Mutations

You have hoof-like feet.
You regenerate a little health from kills.


Message History

Found a ration.
You feel sick.
You start resting.
You feel sick.
A gnoll comes into view.
You barely miss the killer bee.
The killer bee buzzes angrily.
You hear an angry buzzing noise.
You hear a shout! x2
The killer bee stings you.
* * * LOW HITPOINT WARNING * * *
It was a potion of flight.
You feel very buoyant.
You fly up into the air.
The killer bee closely misses you. The killer bee stings you!
* * * LOW HITPOINT WARNING * * *
It was a potion of brilliance.
You feel clever all of a sudden.
The killer bee stings you but does no damage.
The killer bee stings you.
You die...

w... #....# #.#
#... ... #....#
#.# ####
..g..#.#.y#####.#
# .%y......)....#
# ..####.#######
#†# # #.#
#.####.#
####..@##.#
.g......y..#
#####.#.####
#.#.# # #.# #.#
#.# #.# %.


You could see a killer bee and a gnoll.

Vanquished Creatures
  2 killer bees (D:4)
  Jessica (D:2)
  Terence (D:2)
  A worker ant (D:4)
  Robin (D:2)
  4 gnolls
  3 adders
  A worm (D:2)
  3 dart slugs
  4 orcs (D:3)
  A giant cockroach (D:2)
  15 goblins
  11 hobgoblins
  4 jackals (D:1)
  2 bats
  2 frilled lizards
  2 kobolds
  3 rats
61 creatures vanquished.

Notes
Turn   | Place    | Note
-------+----------+-------------------------------------------
     0 | D:1      | Kaname the Demonspawn Wizard began the quest for the Orb.
     0 | D:1      | Reached XP level 1. HP: 13/13 MP: 4/4
   810 | D:1      | Reached skill level 2 in Conjurations
   899 | D:1      | Gained mutation: You regenerate a little health from kills. [demonic ancestry]
   899 | D:1      | Reached XP level 2. HP: 19/19 MP: 4/6
  1753 | D:2      | Noticed Jessica
  1759 | D:2      | Killed Jessica
  1759 | D:2      | Reached skill level 3 in Conjurations
  1759 | D:2      | Reached XP level 3. HP: 21/24 MP: 0/7
  1903 | D:2      | Noticed Robin
  2117 | D:1      | Reached skill level 4 in Conjurations
  2117 | D:1      | Reached XP level 4. HP: 30/30 MP: 2/8
  2166 | D:2      | Killed Robin
  2285 | D:2      | Noticed Terence
  2298 | D:2      | Killed Terence
  2305 | D:2      | Learned a level 2 spell: Blink
  2309 | D:2      | Learned a level 3 spell: Mephitic Cloud
  2313 | D:2      | Learned a level 3 spell: Conjure Flame
  2373 | D:2      | Gained mutation: You have large cloven feet. [demonic ancestry]
  2373 | D:2      | Reached XP level 5. HP: 35/35 MP: 3/9
  2499 | D:2      | Reached skill level 5 in Conjurations
  2923 | D:3      | Reached skill level 1 in Short Blades
  3781 | D:4      | Gained mutation: You have hoof-like feet. [demonic ancestry]
  3781 | D:4      | Reached XP level 6. HP: 21/41 MP: 3/10
  3794 | D:4      | Slain by a killer bee

Vault maps used:
D:1:      scummos_arrival_checkerplants
D:2:      minmay_misc_feat_columns, uniq_terence, uniq_robin, uniq_jessica
D:3:      minmay_misc_feat_room, guppyfry_early_orc_mine
D:4:      cheibrodos_quashed, grunt_dithmenos_shadows, first_ration

Skill      XL: |  1  2  3  4  5 |
---------------+----------------+-----
Conjurations   | 2 3 4 5 |  5.0
Short Blades   | 3 |  3.1
Dodging        | |  1.7
Stealth        | |  1.7
Spellcasting   | |  3.0
Summonings     | |  1.0
Translocations | |  0.8

Action                   |  1- 3 |  4- 6 || total
-------------------------+-------+-------++-------
Melee: Unarmed           |    47 |       ||    47
       Dagger            |    17 |    82 ||    99
 Cast: Magic Dart        |    75 |    60 ||   135
  Use: Potion            |       |     2 ||     2
 Stab: Sleeping          |       |     2 ||     2
  Eat: Chunk             |     3 |     5 ||     8
Armor: Robe              |    20 |    13 ||    33
Dodge: Dodged            |   106 |    47 ||   153
       Deflected         |       |     1 ||     1

Table legend:
 A = Spawn XP
 B = Non-spawn XP
 C = Spawn XP percentage of total XP
 D = Spawn monster count
 E = Non-spawn monster count
 F = Spawn count percentage of total count
 G = Total turns spent on level
                    A         B        C        D         E        F      G
               +---------+---------+-------+---------+---------+-------+---------
         Total |       0 |     437 |   0.0 |       0 |      61 |   0.0 |  3794
               +---------+---------+-------+---------+---------+-------+---------
           D:1 |       0 |      38 |   0.0 |       0 |      14 |   0.0 |  1856
           D:2 |       0 |     183 |   0.0 |       0 |      27 |   0.0 |   781
           D:3 |       0 |      43 |   0.0 |       0 |      15 |   0.0 |   595
           D:4 |       0 |     173 |   0.0 |       0 |       5 |   0.0 |   562
               +---------+---------+-------+---------+---------+-------+---------
